 Dungeon Crawl Stone Soup version 0.29.0-4-gdea44cf6ec (webtiles) character file.

Game seed: 16710855089862767171

43 qw the Chopper (level 3, -6/21 HPs)
             Began as a Tengu Warper on Aug 28, 2022.
             Mangled by an ogre
             ... wielding a +0 giant club
              (21 damage)
             ... on level 4 of the Dungeon.
             The game lasted 00:00:06 (1184 turns).

qw the Chopper (Tengu Warper)                       Turns: 1184, Time: 00:00:07

Health: -6/21      AC:  3    Str: 14 (17) XL:     3   Next: 58%
Magic:  7/7        EV: 12    Int: 11 (13) God:
Gold:   69         SH:  0    Dex: 13      Spells: 6/6 levels left

rFire   . . .      SeeInvis .   Y - +0 hand axe
rCold   . . .      Faith    .   (no shield)
rNeg    + . .      Spirit   .   b - +0 leather armour
rPois   +          Reflect  .   (helmet restricted)
rElec   .          Harm     .   (no cloak)
rCorr   +          Rampage  .   (no gloves)
Will    +....                   (boots unavailable)
Stlth   +.........              (no amulet)
HPRegen 0.07/turn               k - ring of positive energy
MPRegen 0.10/turn               f - ring of Inymomi {rPois Will+ rCorr Str+4}

@: no status effects
A: beak, talons 3
a: no special abilities


You were on level 4 of the Dungeon.
You visited 1 branch of the dungeon, and saw 3 of its levels.

You collected 69 gold pieces.


Innate Abilities, Weirdness & Mutations

You have a beak for a mouth.
You have claws for feet.


   Skills:
 - Level 2.0 Fighting
 + Level 4.2 Axes
 - Level 1.0 Throwing
 - Level 1.1 Armour
 - Level 2.1 Dodging
 - Level 2.0 Spellcasting
 - Level 2.4 Translocations


You had 6 spell levels left.
You didn't know any spells.
Your spell library contained the following spells:

 Spells                   Type           Power      Damage    Failure   Level
 Blink                    Tloc           12%        N/A       21%         2
 Gell's Gravitas          Tloc           6%         N/A       38%         3
 Lesser Beckoning         Tloc           6%         N/A       38%         3
 Teleport Other           Tloc           6%         N/A       38%         3
 Manifold Assault         Tloc           6%         N/A       98%         5

Inventory:

Hand Weapons
 d - a +0 club
 Y - a +0 hand axe (weapon)
Armour
 b - a +0 leather armour (worn)
Jewellery
 f - the ring of Inymomi (right hand) {rPois Will+ rCorr Str+4}
   (You acquired it on level 1 of the Dungeon)

   [ring of willpower]

   Str:       It affects your strength (+4).
   rPois:     It protects you from poison.
   rCorr:     It protects you from acid and corrosion.
   Will:      It increases your willpower.
 k - a ring of positive energy (left hand)
 l - a ring of fire
Scrolls
 a - 2 scrolls of identify
 g - a scroll of teleportation
Potions
 h - a potion of curing

Dungeon Overview and Level Annotations

Branches:
Dungeon (2/15)

Altars:


Message History

The iguana is heavily wounded.
The iguana barely misses you. The iguana closely misses you.
You barely miss the iguana. You claw the iguana.
The iguana is severely wounded.
The iguana closely misses you.
You completely miss the iguana. You claw the iguana.
The iguana is severely wounded.
The iguana bites you.
You hit the iguana. Your kick misses the iguana.
You peck the iguana, but do no damage.
The iguana is almost dead.
The iguana closely misses you.
You hit the iguana.
You kill the iguana!
You feel your dexterity returning.
Your Axes skill increases to level 4!
You have reached level 3!
Your experience leads to an increase in your attributes!
Your base attributes are Str 11, Int 13, Dex 13.
Increase (S)trength, (I)ntelligence, or (D)exterity?
You feel stronger. x2
You start resting.
An ogre comes into view. It is wielding a +0 giant club.
The ogre shouts!
You hit the ogre. Your kick misses the ogre.
The ogre is lightly wounded.
The ogre barely misses you.
You barely miss the ogre. You claw the ogre!
You peck the ogre, but do no damage.
The ogre is moderately wounded.
The ogre closely misses you.
You hit the ogre. Your peck misses the ogre.
The ogre is heavily wounded.
You barely miss the ogre.
The ogre is heavily wounded.
The ogre closely misses you.
You hit the ogre. You claw the ogre.
The ogre is heavily wounded.
The ogre hits you with a +0 giant club!!
Ouch! That really hurt!
You die...

#.......# ###........
##.#..##...#
#.....#....#
####........... #.
##(....#.......# ....
#.%....##..#####
$..<.####...##.......
.......@#...#.........
......%O)........###...
.................# ##.
...........#.....# ..
.........###..##.. .
........## .... .
......... #.#..
......... #. .......


You could see an ogre.

Vanquished Creatures
  An iguana (D:4)
  A dart slug (D:1)
  2 endoplasms (D:1)
  3 goblins
  2 hobgoblins
  2 ball pythons (D:1)
  3 kobolds (D:1)
  4 rats
18 creatures vanquished.

Notes
Turn   | Place    | Note
-------+----------+-------------------------------------------
     0 | D:1      | qw the Tengu Warper began the quest for the Orb.
     0 | D:1      | Reached XP level 1. HP: 12/12 MP: 4/4
     0 | D:1      | 0 ||| qw: Version: 0.1-a-89-g26bdef1
     0 | D:1      | 0 ||| qw: Game counter: 1261
     0 | D:1      | 0 ||| qw: Always use a shield: true
     0 | D:1      | 0 ||| qw: God list: Okawaru
     0 | D:1      | 0 ||| qw: Allow faded altars: false
     0 | D:1      | 0 ||| qw: Do Orc after D:15 true
     0 | D:1      | 0 ||| qw: Do second Lair branch before Depths: true
     0 | D:1      | 0 ||| qw: Lair rune preference: random
     0 | D:1      | 0 ||| qw: Plans: Normal
     0 | D:1      | 0 ||| PLANNING D:1-11
     6 | D:1      | Noticed a basilisk
     6 | D:1      | Noticed a tyrant leech
     6 | D:1      | Noticed a ragged hierophant
     7 | D:1      | Noticed a yaktaur captain
   365 | D:1      | 365 ||| Stepping ~*~*~tactically~*~*~ (stealth).
   367 | D:1      | 367 ||| Stepping ~*~*~tactically~*~*~ (hiding).
   378 | D:1      | Reached skill level 3 in Axes
   378 | D:1      | Reached XP level 2. HP: 15/17 MP: 6/6
   385 | D:1      | 385 ||| Stepping ~*~*~tactically~*~*~ (stealth).
   388 | D:1      | 388 ||| Stepping ~*~*~tactically~*~*~ (stealth).
   389 | D:1      | 389 ||| Stepping ~*~*~tactically~*~*~ (stealth).
   390 | D:1      | 390 ||| Stepping ~*~*~tactically~*~*~ (stealth).
   463 | D:1      | Found a faded altar of an unknown god.
   816 | D:1      | 816 ||| UPGRADING to ring of positive energy.
   817 | D:1      | 817 ||| READING 4 scrolls labelled IFIULE BES NES.
   818 | D:1      | 818 ||| READING 2 scrolls labelled LULAROTOIRCH.
   822 | D:1      | 822 ||| READING scroll labelled AMECAO OCVEO.
   822 | D:1      | Identified a scroll of acquirement
   822 | D:1      | 822 ||| ACQUIRING ring of Inymomi {rPois Will+ rCorr Str+4}
   822 | D:1      | Acquired the ring of Inymomi {rPois Will+ rCorr Str+4}
   824 | D:1      | 824 ||| UPGRADING to ring of Inymomi {rPois Will+ rCorr
                  | Str+4}.
   825 | D:1      | 825 ||| DRINKING 2 fuming clear potions.
   826 | D:1      | 826 ||| READING 3 scrolls of identify.
   826 | D:1      | 826 ||| IDENTIFYING golden potion
   827 | D:1      | 827 ||| READING 2 scrolls of identify.
   827 | D:1      | 827 ||| IDENTIFYING glowing silvery potion
   828 | D:1      | 828 ||| DROPPING scroll of blinking.
   829 | D:1      | 829 ||| DROPPING potion of berserk rage.
   830 | D:1      | 830 ||| DROPPING potion of degeneration.
   841 | D:2      | 841 ||| Stepping ~*~*~tactically~*~*~ (stealth).
   852 | D:2      | 852 ||| FLEEEEING.
   853 | D:2      | 853 ||| STAIRDANCE
  1036 | D:2      | You fall into a shaft and drop 2 floors!
  1052 | D:4      | 1052 ||| Stepping ~*~*~tactically~*~*~ (stealth).
  1082 | D:4      | Reached skill level 4 in Axes
  1082 | D:4      | Reached XP level 3. HP: 7/21 MP: 7/7
  1173 | D:4      | Noticed an ogre
  1184 | D:4      | Mangled by an ogre

Levels and vault maps discovered:
D:1:      onia_arrival_zoo_common, layout_loops_ring,
          hellmonk_ecumenical_altar_crossroads, minmay_octomino_e4
D:2:      layout_basic, uniq_sigmund
D:4:      layout_cave_pools, kennysheep_cross_bottleneck

Skill      XL: |  1  2 |
---------------+-------+-----
Axes           | 3 4 |  4.2
Fighting       | |  2.0
Throwing       | |  1.0
Armour         | |  1.1
Dodging        | |  2.1
Spellcasting   | |  2.0
Translocations | |  2.4

Action                   || total
-------------------------++-------
Melee: Hand axe          ||    47
       Kick              ||    13
       Peck              ||     4
Throw: Boomerang         ||     7
  Use: Scroll            ||     5
       Potion            ||     1
Armor: Leather armour    ||     6
Dodge: Dodged            ||    20

Table legend:
 A = Non-vault XP
 B = Vault XP
 C = Vault XP percentage of total XP
 D = Non-vault monster count
 E = Vault monster count
 F = Vault count percentage of total count
                 A         B        C        D         E       F
            +---------+---------+-------+---------+---------+-------
      Total |      61 |       1 |   1.6 |      17 |       1 |   5.6
            +---------+---------+-------+---------+---------+-------
        D:1 |      15 |       1 |   6.2 |       9 |       1 |  10.0
        D:2 |       7 |       0 |   0.0 |       5 |       0 |   0.0
        D:4 |      39 |       0 |   0.0 |       3 |       0 |   0.0
            +---------+---------+-------+---------+---------+-------
